 Dungeon Crawl Stone Soup version 0.31-a0-221-gbddc013574 (webtiles) character file.

Game seed: 4090274180491484370

185 qw the Shooter (level 5, -1/32 HPs)
             Began as a Gargoyle Hexslinger on July 3, 2023.
             Slain by a gnoll
             ... wielding a +0 halberd
              (4 damage)
             ... on level 3 of the Dungeon.
             The game lasted 00:00:58 (2594 turns).

qw the Shooter (Gargoyle Hexslinger)                Turns: 2594, Time: 00:00:59

Health: -1/32      AC: 10    Str: 12    XL:     5   Next: 64%
Magic:  6/6        EV: 11    Int: 13    God:
Gold:   215        SH:  0    Dex: 14    Spells: 5/6 levels left

rFire   . . .        m - +0 shortbow
rCold   . . .        (shield currently unavailable)
rNeg    + . .        e - +0 leather armour
rPois   inf          (no helmet)
rElec   +            (no cloak)
rCorr   .            g - +2 pair of gloves
SInv    .            (no boots)
Will    .....        (no amulet)
Stlth   +            (no ring)
HPRegen 0.25/turn    (no ring)
MPRegen 0.10/turn

%: no passive effects
@: about to teleport
A: sickness immunity, AC +4, negative energy resistance 1, electricity
resistance, torment resistance 1, petrification resistance
a: no special abilities


You were on level 3 of the Dungeon.
You visited 1 branch of the dungeon, and saw 3 of its levels.

You collected 215 gold pieces.


Innate Abilities, Weirdness & Mutations

You are immune to sickness and miasma.
Your stone body is resilient. (AC +4)
You are immune to poison.
You resist negative energy. (rN+)
You are resistant to electric shocks. (rElec)
You are resistant to unholy torment.
You are immune to petrification.


   Skills:
 - Level 3.0 Fighting
 + Level 5.0 Ranged Weapons
 - Level 1.5 Dodging
 - Level 1.0 Spellcasting
 - Level 2.6 Hexes


You had 5 spell levels left.
You knew the following spells:

 Your Spells              Type           Power      Damage    Failure   Level
a - Slow                  Hex            28%        N/A       12%         1

Your spell library contained the following spells:

 Spells                   Type           Power      Damage    Failure   Level
 Inner Flame              Hex/Fire       4%         N/A       52%         3
 Portal Projectile        Hex/Tloc       8%         N/A       52%         3
 Cause Fear               Hex            3%         N/A       75%         4

Inventory:

Hand Weapons
 m - a +0 shortbow (weapon)
Armour
 e - a +0 leather armour (worn)
 g - a +2 pair of gloves (worn)
 l - a +0 ring mail
Scrolls
 a - a scroll of identify
 c - a scroll of teleportation
 i - a scroll of revelation {unknown}
Potions
 b - a potion of enlightenment {unknown}
 d - a potion of haste
 f - a potion of cancellation
 h - a potion of mutation {unknown}
 j - a potion of attraction {unknown}
 k - a potion of heal wounds {unknown}

Dungeon Overview and Level Annotations

Branches:
Dungeon (3/15)

Altars:
Cheibriados


Message History

The iron imp is heavily wounded.
The iron imp hits you but does no damage.
You shoot an arrow. The arrow barely misses the iron imp.
The iron imp hits you!
You shoot an arrow.
The arrow hits the iron imp but does no damage.
The iron imp is heavily wounded.
The iron imp hits you.
You shoot an arrow. The arrow barely misses the iron imp.
The iron imp hits you but does no damage.
You shoot an arrow. The arrow hits the iron imp.
The iron imp is severely wounded.
The iron imp hits you but does no damage.
You shoot an arrow. The arrow hits the iron imp.
The iron imp is almost dead.
You shoot an arrow. The arrow barely misses the iron imp.
The iron imp hits you!
You shoot an arrow. The arrow closely misses the iron imp.
The iron imp misses you.
You shoot an arrow. The arrow hits the iron imp.
You kill the iron imp!
Your Fighting skill increases to level 3!
You start resting.
A gnoll is nearby!
You shoot an arrow. The gnoll shouts!
The arrow hits the gnoll but does no damage.
You shoot an arrow. The arrow hits the gnoll.
The gnoll is heavily wounded.
You shoot an arrow. The arrow barely misses the gnoll.
You shoot an arrow. The arrow hits the gnoll.
The gnoll is severely wounded.
The gnoll hits you from afar with a +0 halberd!
2593 ||| READING 2 scrolls of teleportation.
As you read the scroll of teleportation, it crumbles to dust.
You feel strangely unstable.
The gnoll hits you from afar with a +0 halberd.
You shoot an arrow. The arrow completely misses the gnoll.
The gnoll hits you from afar with a +0 halberd.
You die...

#.# #.##...#####
#############.######.##..##
#.................##.##..#
#.###########.###.##..#..##
#.#
##########.###.#...#####
#.# .....#.....#
#.#.......# #.#
.....'.....###.#...###.#
#.#
_....'..8....).....###..
#.#
.....'.@...###.##..).###
#.# .....#.....###.##.##.#
#.# ### ####g..##.##.##.#
#.#####
#####.....##.##.##.#
#.....#
#............##.##.#
#####.#
#.###.....#####.##.# #.#
#.........# #.##.# #.#
#######..## #.##.# #.# #..#
#....#


You could see a gnoll.

Vanquished Creatures
  An iron imp (D:3)
  Jessica (D:2)
  3 gnolls (D:3)
  4 adders
  A dart slug (D:1)
  2 orcs (D:3)
  9 bats
  6 endoplasms
  3 giant cockroaches
  3 goblins
  5 hobgoblins
  2 jackals (D:2)
  5 kobolds
  2 quokkas (D:2)
  4 ball pythons
  A frilled lizard (D:2)
  7 rats
59 creatures vanquished.

Notes
Turn   | Place    | Note
-------+----------+-------------------------------------------
     0 | D:1      | qw the Gargoyle Hexslinger began the quest for the Orb.
     0 | D:1      | Reached XP level 1. HP: 12/12 MP: 2/2
     0 | D:1      | 0 ||| qw: Version: 0.3-a-40-ge99b1a8
     0 | D:1      | 0 ||| qw: Game counter: 579
     0 | D:1      | 0 ||| qw: Melee chars always use a shield: true
     0 | D:1      | 0 ||| qw: God list: Okawaru
     0 | D:1      | 0 ||| qw: Allow faded altars: false
     0 | D:1      | 0 ||| qw: Do Orc after clearing Dungeon:15 true
     0 | D:1      | 0 ||| qw: Do second Lair branch before Depths: true
     0 | D:1      | 0 ||| qw: Lair rune preference: random
     0 | D:1      | 0 ||| qw: Goals: Normal
     0 | D:1      | 0 ||| PLANNING D:1-11
   156 | D:1      | Reached XP level 2. HP: 13/16 MP: 3/3
   449 | D:1      | Reached skill level 3 in Ranged Weapons
   902 | D:1      | 902 ||| UPGRADING to +0 leather armour.
   912 | D:1      | 912 ||| DROPPING +0 robe.
   913 | D:1      | 913 ||| READING scroll labelled YCI HEFAGIOJ.
   914 | D:1      | 914 ||| READING scroll labelled AMIEBLOOTU.
   918 | D:1      | 918 ||| READING scroll labelled DIKKIL GUD.
   919 | D:1      | 919 ||| DROPPING scroll of poison.
   983 | D:2      | Reached XP level 3. HP: 18/21 MP: 4/4
  1504 | D:2      | Reached XP level 4. HP: 26/26 MP: 5/5
  1627 | D:2      | Noticed Jessica
  1628 | D:2      | 1628 ||| Stepping ~*~*~tactically~*~*~ (outnumbered).
  1661 | D:2      | Killed Jessica
  1662 | D:2      | Reached skill level 4 in Ranged Weapons
  1804 | D:2      | 1804 ||| UPGRADING to +2 pair of gloves.
  1809 | D:2      | 1809 ||| READING scroll labelled RALAAN FEMNEAC.
  1810 | D:2      | 1810 ||| READING scroll labelled KAIHEU MOAT.
  1811 | D:2      | 1811 ||| READING 3 scrolls of identify.
  1811 | D:2      | 1811 ||| IDENTIFYING sedimented coppery potion
  1812 | D:2      | 1812 ||| READING 2 scrolls of identify.
  1812 | D:2      | 1812 ||| IDENTIFYING clear potion
  1989 | D:3      | Reached XP level 5. HP: 19/30 MP: 6/6
  1992 | D:3      | 1992 ||| FLEEEEING.
  1993 | D:3      | 1993 ||| FLEEEEING.
  1994 | D:3      | 1994 ||| FLEEEEING.
  1996 | D:3      | 1996 ||| FLEEEEING.
  1997 | D:3      | 1997 ||| FLEEEEING.
  1998 | D:3      | 1998 ||| FLEEEEING.
  1999 | D:3      | 1999 ||| FLEEEEING.
  2000 | D:3      | 2000 ||| FLEEEEING.
  2001 | D:3      | 2001 ||| FLEEEEING.
  2002 | D:3      | 2002 ||| FLEEEEING.
  2003 | D:3      | 2003 ||| FLEEEEING.
  2004 | D:3      | 2004 ||| FLEEEEING.
  2005 | D:3      | 2005 ||| FLEEEEING.
  2006 | D:3      | 2006 ||| FLEEEEING.
  2007 | D:3      | 2007 ||| FLEEEEING.
  2009 | D:3      | 2009 ||| FLEEEEING.
  2010 | D:3      | 2010 ||| FLEEEEING.
  2011 | D:3      | 2011 ||| FLEEEEING.
  2012 | D:3      | 2012 ||| FLEEEEING.
  2013 | D:3      | 2013 ||| FLEEEEING.
  2014 | D:3      | 2014 ||| FLEEEEING.
  2015 | D:3      | 2015 ||| FLEEEEING.
  2016 | D:3      | 2016 ||| FLEEEEING.
  2017 | D:3      | 2017 ||| FLEEEEING.
  2018 | D:3      | 2018 ||| FLEEEEING.
  2019 | D:3      | 2019 ||| FLEEEEING.
  2021 | D:3      | 2021 ||| FLEEEEING.
  2022 | D:3      | 2022 ||| FLEEEEING.
  2093 | D:3      | 2093 ||| Stepping ~*~*~tactically~*~*~ (outnumbered).
  2100 | D:3      | HP: 7/30 [gnoll/+0 halberd (8)]
  2101 | D:3      | 2101 ||| READING 3 scrolls of teleportation.
  2106 | D:3      | Reached skill level 5 in Ranged Weapons
  2366 | D:3      | 2366 ||| SWAPPING to +0 shortbow.
  2367 | D:3      | 2367 ||| DROPPING +1 sling of electrocution.
  2474 | D:3      | 2474 ||| FLEEEEING.
  2475 | D:3      | 2475 ||| FLEEEEING.
  2564 | D:3      | Found a snail-covered altar of Cheibriados.
  2586 | D:3      | Reached skill level 3 in Fighting
  2592 | D:3      | HP: 5/32 [gnoll/+0 halberd (11)]
  2593 | D:3      | 2593 ||| READING 2 scrolls of teleportation.
  2593 | D:3      | HP: 2/32 [gnoll/+0 halberd (3)]
  2594 | D:3      | Slain by a gnoll

Levels and vault maps discovered:
D:1:      eino_arrival_cavern_c, layout_loops_corners, minivault_5
D:2:      layout_basic, kennysheep_jessica_study
D:3:      layout_loops_ring, slow_altar_2

Skill      XL: |  1  2  3  4  5 |
---------------+----------------+-----
Ranged Weapons | 3 4 5 |  5.0
Fighting       | 2 3 |  3.0
Dodging        | |  1.5
Spellcasting   | |  1.0
Hexes          | |  2.6

Action                     |  1- 3 |  4- 6 || total
---------------------------+-------+-------++-------
   Fire: Sling             |    91 |    82 ||   173
         Shortbow          |       |    32 ||    32
    Use: Scroll            |     3 |     6 ||     9
 Armour: Robe              |     5 |       ||     5
         Leather armour    |    32 |    27 ||    59
  Dodge: Dodged            |    31 |    36 ||    67

Table legend:
 A = Non-vault XP
 B = Vault XP
 C = Vault XP percentage of total XP
 D = Non-vault monster count
 E = Vault monster count
 F = Vault count percentage of total count
                 A         B        C        D         E       F
            +---------+---------+-------+---------+---------+-------
      Total |     183 |      82 |  30.9 |      56 |       3 |   5.1
            +---------+---------+-------+---------+---------+-------
        D:1 |      25 |       0 |   0.0 |      12 |       0 |   0.0
        D:2 |      63 |      39 |  38.2 |      24 |       2 |   7.7
        D:3 |      95 |      43 |  31.2 |      20 |       1 |   4.8
            +---------+---------+-------+---------+---------+-------
